 Dungeon Crawl Stone Soup version 0.23-a0-350-g6fd5563 (webtiles) character file.

8664 Firecrotchwizard the Grappler (level 11, -6/97 HPs)
             Began as a Troll Fighter on Oct 20, 2018.
             Was a High Priest of Wu Jian.
             Mangled by a two-headed ogre
             ... wielding a +0 giant spiked club
              (20 damage)
             ... on level 9 of the Dungeon.
             The game lasted 00:23:10 (7781 turns).

Firecrotchwizard the Grappler (Troll Fighter)       Turns: 7781, Time: 00:23:11

Health: -6/97      AC:  5    Str: 27    XL:     11   Next: 12%
Magic:  10/10      EV: 10    Int:  6    God:    Wu Jian [*****.]
Gold:   639        SH: 13    Dex: 14    Spells: 10/10 levels left

rFire    . . .     SeeInvis .     - Unarmed
rCold    . . .     Gourm    +   b - +1 shield
rNeg     . . .     Faith    .   a - +0 robe
rPois    +         Spirit   .   (helmet restricted)
rElec    .         Reflect  .   (no cloak)
rCorr    .         Harm     .   (gloves unavailable)
MR       .....                  (boots unavailable)
Stlth    +.........             O - amulet of regeneration {+regen, !d}
HPRegen  1.06/turn              y - ring of poison resistance {rPois, !d}
MPRegen  0.12/turn              x - +5 ring of dexterity

@: lethally poisoned (-6 -> -7)
A: large, unfitting armour, claws 3, fast metabolism 3, gourmand, regeneration
1, shaggy fur 1, tough skin 2
a: Wall Jump, Serpent's Lash, Heavenly Storm, Renounce Religion


You were on level 9 of the Dungeon.
You worshipped Wu Jian.
Wu Jian was extremely pleased with you.
You were very full.

You visited 1 branch of the dungeon, and saw 11 of its levels.
You also visited: Sewer.

You collected 639 gold pieces.

Inventory:

Hand Weapons
 M - a +0 hand crossbow
   (You found it on level 8 of the Dungeon)
Missiles
 C - 2 throwing nets {=f, !d}
Armour
 a - a +0 robe (worn)
 b - a +1 shield (worn)
Jewellery
 f - an uncursed ring of flight {+Fly, !d}
   (You found it on level 5 of the Dungeon)
 j - an uncursed ring of stealth {Stlth+}
   (You found it on level 3 of the Dungeon)
 r - an uncursed ring of protection from fire {rF+, !d}
   (You found it on level 5 of the Dungeon)
 w - an uncursed ring of wizardry {Wiz+, !d}
   (You found it on level 6 of the Dungeon)
 x - a +5 ring of dexterity (right claw)
   (You found it on level 5 of the Dungeon)
 y - a ring of poison resistance (left claw) {rPois, !d}
   (You found it on level 2 of the Dungeon)
 B - an uncursed ring of fire {rF+, rC-}
   (You found it on level 6 of the Dungeon)
 E - an uncursed ring of resist corrosion
   (You found it on level 8 of the Dungeon)
 O - an amulet of regeneration (around neck) {+regen, !d}
   (You found it on level 8 of the Dungeon)
Wands
 n - a wand of acid (11)
   (You found it on level 3 of the Dungeon)
 o - a wand of digging (31)
   (You found it on level 4 of the Dungeon)
 z - a wand of iceblast (16)
   (You found it on level 5 of the Dungeon)
 G - a wand of disintegration (10)
   (You found it on level 6 of the Dungeon)
 I - a wand of random effects (60)
   (You found it on level 7 of the Dungeon)
 J - a wand of paralysis (15)
   (You found it on level 7 of the Dungeon)
Scrolls
 k - 5 scrolls of enchant armour
 l - a scroll of magic mapping {!r}
 p - 4 scrolls of enchant weapon
 t - 7 scrolls of identify
 u - 2 scrolls of teleportation
 A - 5 scrolls of remove curse
 H - a scroll of summoning
 K - 3 scrolls of random uselessness
 N - 2 scrolls of blinking {!r}
Potions
 c - 5 potions of might
 e - 2 potions of haste {unknown}
 g - 2 potions of lignification {unknown}
 h - 3 potions of heal wounds {unknown}
 i - 3 potions of invisibility
 m - 4 potions of brilliance {unknown}
 q - a potion of berserk rage {unknown}
 s - a potion of ambrosia {unknown}
 v - 2 potions of flight
 D - a potion of cancellation {unknown}
 F - 12 potions of degeneration {!q}
 L - 2 potions of curing {unknown}
Comestibles
 d - 23 rations
 P - 8 chunks of flesh {@w0}


   Skills:
 + Level 3.5 Fighting
 - Level 2.4 Dodging
 + Level 8.8 Shields
 + Level 13.5 Unarmed Combat


You had 10 spell levels left.
You didn't know any spells.
Your spell library contained the following spells:

 Spells                   Type           Power        Failure   Level  Hunger
 Confusing Touch          Hex            #.....       45%         1    ##.....
 Confuse                  Hex            #.......     83%         3    ####...
 Gell's Gravitas          Tloc           #.........   83%         3    ####...
 Petrify                  Tmut/Erth      #.......     99%         4    #####..
 Metabolic Englaciation   Hex/Ice        #.........   100%        5    ######.
 Yara's Violent Unravell  Hex/Tmut       #.........   100%        5    ######.


Dungeon Overview and Level Annotations

Branches:
Dungeon (11/15)            Temple (0/1) D:7
   Lair: D:8-11         Orc: D:9-12

Altars:
Dithmenos
Ru
Sif Muna
Uskayaw
Wu Jian
Xom
The Shining One

Annotations:
D:6 exclusion: Blork the orc, Blork the orc
D:10 exclusion: Fannar, Fannar
D:11 exclusion: oklob plant


Innate Abilities, Weirdness & Mutations

You are too large for most types of armour.
You have claws for hands.
Your metabolism is lightning-fast.
You like to eat raw meat.
Your natural rate of healing is unusually fast.
You are covered in fur. (AC +1)
You have very tough skin. (AC +2)


Message History

You scratch the worker ant.
A worker ant comes into view.
A soldier ant comes into view.
The worker ant closely misses you.
The worker ant twitches its antennae in your direction.
You scratch the worker ant.
A worker ant comes into view.
A two-headed ogre comes into view.
It is wielding two +0 giant spiked clubs.
The worker ant bites you.
A soldier ant comes into view.
You take 3 damage, and have 94/97 hp.
The two-headed ogre shouts in stereo!
You mangle the worker ant!!
You kill the worker ant!
The Council accepts your kill.
The orc priest mumbles some strange prayers to Beogh against you.
Beogh smites you!
A worker ant comes into view.
You take 11 damage, and have 83/97 hp.
You mangle the gnoll!!
You kill the gnoll!
The Council accepts your kill.
The worker ant waves its antennae.
The worker ant waves its antennae.
An orc opens the door.
You spin and attack the worker ant repeatedly.
A worker ant comes into view.
The worker ant twitches its antennae in your direction.
You claw the worker ant! You barely miss the worker ant.
You block the worker ant's attack.
You regained 2 hp, and now have 88/97 hp.
You spin and attack the worker ant repeatedly.
You claw the worker ant!
You kill the worker ant!
The Council accepts your kill. You block the worker ant's attack.
You see here a cursed +0 spear.
You closely miss the worker ant. The worker ant closely misses you.
The orc wizard gestures wildly while chanting.
The orc wizard blinks!
You mangle the worker ant!!
You kill the worker ant!
The Council accepts your kill.
You scratch the orc wizard. The soldier ant stings you!
The orc priest looks satisfied for a moment.
You take 10 damage, and have 83/97 hp.
You scratch the orc wizard. You block the orc wizard's attack.
The soldier ant stings you!
You take 12 damage, and have 71/97 hp.
You barely miss the orc wizard. The orc wizard closely misses you.
An orc opens the door.
You mangle the orc wizard!!
You kill the orc wizard!
The Council accepts your kill.
You spin and attack the soldier ant.
You scratch the soldier ant. The soldier ant stings you.
Items here: )) [ ÷ a +0 dagger; a +0 robe; a +0 whip; a gnoll skeleton You take 4 damage, and have 69/97 hp.
You mangle the soldier ant!!
The orc priest looks encouraged for a moment.
You block the soldier ant's attack.
You spin and attack the soldier ant.
You claw the soldier ant!
You kill the soldier ant!
The Council accepts your kill.
The worker ant waves its antennae.
There is an open door here.
You regained 2 hp, and now have 72/97 hp.
You mangle the orc!!
You kill the orc!
The Council accepts your kill. You block the orc's attack.
The orc priest looks satisfied for a moment.
The soldier ant stings you.
You are poisoned.
The soldier ant poisons you!
You take 4 damage, and have 68/97 hp.
You closely miss the worker ant.
You feel sick. You block the worker ant's attack.
The orc hits you but does no damage. The soldier ant completely misses you.
You claw the worker ant!
You feel sick. The worker ant bites you.
You take 1 damage, and have 67/97 hp.
You scratch the worker ant.
You feel sick. The worker ant bites you. The soldier ant stings you.
You block the worker ant's attack.
You take 6 damage, and have 61/97 hp.
You scratch the worker ant but do no damage.
You feel sick. You block the worker ant's attack. x2
The soldier ant stings you.
The two-headed ogre hits you with a +0 giant spiked club. x2
You take 13 damage, and have 48/97 hp.
You scratch the worker ant.
You kill the worker ant!
The Council accepts your kill. The worker ant barely misses you.
The soldier ant stings you!
You take 9 damage, and have 39/97 hp.
You feel sick.
You feel sick.
The two-headed ogre hits you with a +0 giant spiked club!!
* * * LOW HITPOINT WARNING * * *
The two-headed ogre hits you with a +0 giant spiked club!!
You die...

..#... .#.#oo .. #.#ao. ...
#.#..###########+###.######
..#...#...#...#............#
#....'...#)o.#............#
##..†.†..†)o.a............#
#.#..###'###a###...>....#
#... #......aO@........#
#... #.............'...#
..... #.................#
...... #..........)......#
...#..
#........#####.###########
...#..
#........#................
#........#................
#........#................
###'##..)#................


You could see a two-headed ogre, a soldier ant and a worker ant.

Vanquished Creatures
  A two-headed ogre (D:9)
  Nergalle (D:10)
  Pikel (D:7)
  2 manticores (D:11)
  An ugly thing (D:11)
  Joseph (D:7)
  Psyche (D:9)
  3 hippogriffs
  A basilisk (D:11)
  3 hungry ghosts (D:11)
  2 water moccasins
  A soldier ant (D:9)
  3 orc warriors
  2 ice beasts
  2 slaves (D:7)
  2 black bears
  2 ogres
  4 centaurs
  4 bullfrogs
  The ghost of kitsune the Sneak, an amateur SpEn (D:3)
  A scorpion (D:10)
  10 killer bees
  2 howler monkeys
  6 jellies
  4 crimson imps
  2 centaur zombies
  2 bullfrog zombies
  4 hounds
  A bullfrog skeleton (D:6)
  A gnoll shaman (D:9)
  An iguana (D:6)
  4 orc priests
  9 orc wizards
  11 worker ants
  A hound zombie (D:7)
  2 worker ant zombies (D:11)
  7 gnolls
  A river rat (D:5)
  12 adders
  A shadow imp (D:6)
  5 oozes (D:8)
  An adder skeleton (D:7)
  5 worms
  A dart slug (D:3)
  5 leopard geckos
  71 orcs
  5 bats
  6 giant cockroaches
  6 goblins
  7 hobgoblins
  3 jackals (D:3)
  11 kobolds
  2 quokkas
  5 ball pythons
  9 frilled lizards
  A leopard gecko skeleton (D:7)
  7 rats
270 creatures vanquished.

Vanquished Creatures (others)
  An orc wizard (D:7)
1 creature vanquished.

Grand Total: 271 creatures vanquished

Notes
Turn   | Place    | Note
-------+----------+-------------------------------------------
     0 | D:1      | Firecrotchwizard the Troll Fighter began the quest for the
                  | Orb.
     0 | D:1      | Reached XP level 1. HP: 22/22 MP: 0/0
    50 | D:1      | Reached XP level 2. HP: 29/29 MP: 1/1
   765 | D:2      | Found a faded altar of an unknown god.
   894 | D:2      | Reached XP level 3. HP: 34/36 MP: 2/2
  1001 | D:2      | Found a glowing golden altar of the Shining One.
  1241 | D:3      | Reached skill level 3 in Unarmed Combat
  1299 | D:3      | Found a sacrificial altar of Ru.
  1460 | D:3      | Found an ornate altar of the Wu Jian Council.
  1478 | D:3      | Became a worshipper of the Wu Jian Council
  1529 | D:3      | Reached XP level 4. HP: 44/44 MP: 3/3
  1586 | D:3      | Reached skill level 3 in Fighting
  1586 | D:3      | Reached skill level 3 in Shields
  1739 | D:3      | Reached XP level 5. HP: 53/53 MP: 4/4
  1772 | D:3      | Found a runed door.
  1777 | D:3      | Noticed kitsune's ghost (amateur SpEn)
  1951 | D:3      | Killed kitsune's ghost
  1951 | D:3      | Reached skill level 4 in Unarmed Combat
  2240 | D:4      | Found a shimmering altar of Xom.
  2248 | D:4      | Found a deep blue altar of Sif Muna.
  2489 | D:5      | Entered Level 5 of the Dungeon
  2593 | D:5      | Reached skill level 5 in Unarmed Combat
  2593 | D:5      | Reached XP level 6. HP: 53/61 MP: 5/5
  2629 | D:5      | Found a shadowy altar of Dithmenos.
  2663 | D:5      | Found a glowing drain.
  2675 | D:5      | Reached * piety under Wu Jian
  2685 | Sewer    | Entered a sewer
  2922 | Sewer    | Reached skill level 4 in Shields
  2922 | Sewer    | Reached skill level 6 in Unarmed Combat
  3173 | D:5      | Reached XP level 7. HP: 62/67 MP: 6/6
  3475 | D:5      | Reached skill level 7 in Unarmed Combat
  4116 | D:6      | Reached XP level 8. HP: 75/75 MP: 7/7
  4136 | D:6      | Reached skill level 5 in Shields
  4172 | D:6      | Reached skill level 8 in Unarmed Combat
  4243 | D:6      | Reached ** piety under Wu Jian
  4372 | D:6      | Noticed Blork the orc
  4861 | D:7      | Identified the +6 flail of Bosugoit {vamp, rF+}
  4864 | D:7      | Reached skill level 9 in Unarmed Combat
  5037 | D:7      | Noticed Pikel
  5037 | D:7      | Noticed a hippogriff
  5067 | D:7      | Killed Pikel
  5067 | D:7      | Reached skill level 6 in Shields
  5067 | D:7      | Reached XP level 9. HP: 63/81 MP: 8/8
  5071 | D:7      | Reached skill level 10 in Unarmed Combat
  5187 | D:7      | Noticed Joseph
  5212 | D:7      | Killed Joseph
  5329 | D:7      | Found a staircase to the Ecumenical Temple.
  5382 | D:7      | Found a flagged portal.
  5668 | D:8      | Found a hide-covered altar of Uskayaw.
  5755 | D:8      | Reached *** piety under Wu Jian
  5903 | D:8      | Reached skill level 11 in Unarmed Combat
  6017 | D:8      | Reached skill level 7 in Shields
  6216 | D:8      | Reached **** piety under Wu Jian
  6629 | D:9      | You fall through a shaft for 2 floors!
  6639 | D:11     | Reached XP level 10. HP: 86/91 MP: 9/9
  6640 | D:11     | Noticed an oklob plant
  6643 | D:11     | Noticed a manticore
  6658 | D:11     | HP: 13/91 [manticore (14)]
  6660 | D:11     | Killed a manticore
  6666 | D:11     | HP: 18/91 [poisoned by a killer bee]
  6722 | D:11     | Reached skill level 12 in Unarmed Combat
  6796 | D:11     | Noticed a manticore
  6811 | D:11     | Killed a manticore
  6928 | D:11     | Noticed a skeletal warrior
  6930 | D:11     | Noticed a skeletal warrior
  6931 | D:11     | Noticed a skeletal warrior
  6931 | D:11     | Noticed a skeletal warrior
  6940 | D:11     | Noticed a cyan ugly thing
  6953 | D:11     | Killed a cyan ugly thing
  6953 | D:11     | Reached skill level 8 in Shields
  7068 | D:10     | Entered Level 10 of the Dungeon
  7134 | D:10     | Noticed Nergalle
  7152 | D:10     | Killed Nergalle
  7152 | D:10     | Reached skill level 13 in Unarmed Combat
  7326 | D:10     | Noticed Fannar
  7333 | D:10     | Reached ***** piety under Wu Jian
  7549 | D:9      | Noticed a two-headed ogre
  7558 | D:9      | Killed a two-headed ogre
  7558 | D:9      | Reached XP level 11. HP: 97/97 MP: 10/10
  7591 | D:9      | Noticed Psyche
  7599 | D:9      | Killed Psyche
  7753 | D:9      | Noticed a two-headed ogre
  7781 | D:9      | HP: 14/97 [two-headed ogre/+0 giant spiked club (26)]
  7781 | D:9      | Mangled by a two-headed ogre

Vault maps used:
D:1:      scummos_arrival_simple_crosswalls
D:2:      marbit_many_paths, chequers_ecumenical_altar_simple,
          kennysheep_flooded_box
D:3:      lemuel_crystal_altar, ebering_ghost_reflecting_pool,
          hangedman_ru_absence
D:4:      amethyst_overflow_temple_binary, first_ration
D:5:      grunt_dithmenos_smoke, portal_sewer_entry_a, kennysheep_generic_room_2
D:6:      uniq_blork_the_orc
D:7:      minmay_temple_entry_overgrown, enter_bailey_7, uniq_joseph, uniq_pikel
D:8:      nicolae_overflow_crystal_walls, special_room,
          hangedman_little_slice_of_home
D:9:      orc_0_dummy, minmay_another_anthill, uniq_psyche
D:10:     uniq_nergalle, uniq_fannar
D:11:     dpeg_oklobed_lair, grunt_qazlal_clouds
Sewer:    sewer_frog_island_01

Skill      XL: |  1  2  3  4  5  6  7  8  9 10 |
---------------+-------------------------------+-----
Unarmed Combat | 3 5 6 7 9 11 13 | 13.5
Fighting       | 3 |  3.5
Shields        | 3 4 6 7 8 |  8.8
Dodging        | |  2.4

Action                   |  1- 3 |  4- 6 |  7- 9 | 10-12 || total
-------------------------+-------+-------+-------+-------++-------
Melee: Unarmed           |   140 |   202 |   342 |   182 ||   866
Invok: Lunge             |     1 |    18 |    32 |    20 ||    71
       Whirlwind         |       |    13 |    22 |    19 ||    54
Evoke: Wand              |       |       |       |     5 ||     5
  Use: Scroll            |       |       |    15 |     1 ||    16
 Stab: Sleeping          |       |     1 |     2 |     1 ||     4
       Paralysed         |       |       |       |     4 ||     4
  Eat: Chunk             |    20 |    15 |    33 |    18 ||    86
Armor: Robe              |    38 |    55 |    41 |    15 ||   149
Dodge: Dodged            |    46 |    66 |    96 |    31 ||   239
Block: Shield            |    53 |    75 |   154 |    92 ||   374

Table legend:
 A = Non-vault XP
 B = Vault XP
 C = Vault XP percentage of total XP
 D = Non-vault monster count
 E = Vault monster count
 F = Vault count percentage of total count
                 A         B        C        D         E       F
            +---------+---------+-------+---------+---------+-------
      Total |    8797 |    3581 |  28.9 |     192 |      77 |  28.6
            +---------+---------+-------+---------+---------+-------
        D:1 |      31 |       0 |   0.0 |      19 |       0 |   0.0
        D:2 |      14 |       2 |  12.5 |       7 |       1 |  12.5
        D:3 |     154 |      88 |  36.4 |      31 |       1 |   3.1
        D:4 |      52 |       0 |   0.0 |       5 |       0 |   0.0
        D:5 |     611 |     179 |  22.7 |      14 |       6 |  30.0
        D:6 |     460 |       0 |   0.0 |      17 |       0 |   0.0
        D:7 |    1130 |    1158 |  50.6 |      27 |       6 |  18.2
        D:8 |    1028 |     276 |  21.2 |      23 |      33 |  58.9
        D:9 |    1251 |     809 |  39.3 |      12 |       8 |  40.0
       D:10 |     897 |     789 |  46.8 |      13 |       1 |   7.1
       D:11 |    3169 |       0 |   0.0 |      24 |       0 |   0.0
      Sewer |       0 |     280 | 100.0 |       0 |      21 | 100.0
            +---------+---------+-------+---------+---------+-------

Vault maps used:
D:1:      scummos_arrival_simple_crosswalls
D:2:      marbit_many_paths, chequers_ecumenical_altar_simple,
          kennysheep_flooded_box
D:3:      lemuel_crystal_altar, ebering_ghost_reflecting_pool,
          hangedman_ru_absence
D:4:      amethyst_overflow_temple_binary, first_ration
D:5:      grunt_dithmenos_smoke, portal_sewer_entry_a, kennysheep_generic_room_2
D:6:      uniq_blork_the_orc
D:7:      minmay_temple_entry_overgrown, enter_bailey_7, uniq_joseph, uniq_pikel
D:8:      nicolae_overflow_crystal_walls, special_room,
          hangedman_little_slice_of_home
D:9:      orc_0_dummy, minmay_another_anthill, uniq_psyche
D:10:     uniq_nergalle, uniq_fannar
D:11:     dpeg_oklobed_lair, grunt_qazlal_clouds
Sewer:    sewer_frog_island_01

Table legend:
 A = Turns spent in this place as a percentage of turns spent in the entire game.
 B = Non-inter-level travel turns spent in this place as a percentage of non-inter-level travel turns spent in the entire game.
 C = Inter-level travel turns spent in this place as a percentage of turns spent in this place.
 D = Turns resting spent in this place as a percentage of non-inter-level travel turns spent in this place.
 E = Turns spent auto-exploring this place as a percentage of non-inter-level travel turns spent in this place.
 F = Non-inter-level travel turns spent in this place divided by the number of levels of this place that you've seen.
                   A       B       C       D       E      F
               +-------+-------+-------+-------+-------+----------------------
         Total | 100.0 | 100.0 |   3.0 |   8.4 |  68.5 | 629.2
       Dungeon |  93.8 |  93.6 |   3.2 |   8.8 |  68.6 | 642.4
         Sewer |   6.2 |   6.4 |   0.0 |   3.1 |  67.1 | 484.0
               +-------+-------+-------+-------+-------+----------------------

Table legend:
 A = Kills in this place as a percentage of kills in entire the game.
 B = Kills by you in this place as a percentage of kills by you in the entire game.
 C = Kills by friends in this place as a percentage of kills by friends in the entire game.
 D = Other kills in this place as a percentage of other kills in the entire game.
 E = Experience gained in this place as a percentage of experience gained in the entire game.
 F = Experience gained in this place divided by the number of levels of this place that you have seen.
                   A       B       C       D       E      F
               +-------+-------+-------+-------+-------+----------------------
         Total | 100.0 | 100.0 |   N/A | 100.0 | 100.0 | 1031.5
       Dungeon |  92.2 |  92.2 |   N/A | 100.0 |  97.7 | 1099.8
         Sewer |   7.8 |   7.8 |   N/A |   0.0 |   2.3 | 280.0
               +-------+-------+-------+-------+-------+----------------------
